 Dungeon Crawl Stone Soup version 0.23-a0-109-g5e4b187 (webtiles) character file.

3525 emperorscorpion the Cleaver (level 9, -3/78 HPs)
             Began as a Minotaur Fighter on Aug 22, 2018.
             Was a Priest of Zin.
             Slain by Gastronok (14 damage)
             ... on level 8 of the Dungeon.
             The game lasted 00:13:20 (6729 turns).

emperorscorpion the Cleaver (Minotaur Fighter)      Turns: 6729, Time: 00:13:20

Health: -3/78      AC:  8    Str: 21    XL:     9   Next: 81%
Magic:  9/9        EV: 13    Int:  5    God:    Zin [***...]
Gold:   322        SH:  9    Dex: 18    Spells: 8/8 levels left

rFire    . . .     SeeInvis .   a - +0 war axe
rCold    . . .     Gourm    .   m - +3 buckler
rNeg     . . .     Faith    .   e - +0 scale mail
rPois    .         Spirit   .   (helmet restricted)
rElec    .         Reflect  .   t - scarf {repulsion}
rCorr    .         Harm     .   (no gloves)
MR       .....                  (no boots)
Stlth    +.........             h - amulet of the acrobat
HPRegen  0.23/turn              K - +1 ring of evasion
MPRegen  0.11/turn              F - +5 ring of dexterity

@: slowed, repel missiles, very slow
A: retaliatory headbutt, horns 2
a: Recite, Vitalisation, Imprison, Donate Gold, Renounce Religion


You were on level 8 of the Dungeon.
You worshipped Zin.
Zin was most pleased with you.
You were hungry.

You visited 1 branch of the dungeon, and saw 8 of its levels.

You collected 357 gold pieces.
You donated 35 gold pieces to Zin.

Inventory:

Hand Weapons
 a - a +0 war axe (weapon)
 b - a cursed -3 trident
 A - a +0 spear
Missiles
 n - 24 tomahawks
 y - 21 poisoned needles
 H - 5 throwing nets (quivered)
 J - 6 poisoned tomahawks
Armour
 c - a +0 shield
 e - a +0 scale mail (worn)
 m - a +3 buckler (worn)
 t - a scarf of repulsion (worn)
 B - a +2 scale mail of cold resistance
Jewellery
 h - an amulet of the acrobat (around neck)
 j - an uncursed ring of resist corrosion
 r - an uncursed amulet of guardian spirit
 x - an uncursed ring of fire
 F - a +5 ring of dexterity (right hand)
 K - a +1 ring of evasion (left hand)
Wands
 G - a wand of acid (8)
Scrolls
 k - 2 scrolls of fog
 q - 9 scrolls of remove curse
 u - 2 scrolls of blinking
 v - 2 scrolls of magic mapping
 w - a scroll of amnesia
 z - a scroll of teleportation
 E - 3 scrolls of fear
 I - a scroll of identify
 L - a scroll of enchant weapon {unknown}
 M - a scroll of silence {unknown}
Potions
 d - 2 potions of might
 g - 3 potions of heal wounds
 i - 2 potions of agility
 l - a potion of haste
 o - 3 potions of curing
 p - a potion of flight
 s - a potion of magic
 C - a potion of ambrosia {unknown}
 D - 3 potions of brilliance {unknown}
Comestibles
 f - 17 rations


   Skills:
 + Level 6.9 Fighting
 + Level 10.6 Axes
 + Level 8.3 Armour
 + Level 4.0 Dodging
 + Level 1.6 Stealth
 + Level 7.5 Shields
 + Level 2.4 Invocations


You had 8 spell levels left.
You didn't know any spells.
Your spell library contained the following spells:

 Spells                   Type           Power        Failure   Level  Hunger
 Shock                    Conj/Air       #...         77%         1    ##.....
 Swiftness                Chrm/Air       #.......     88%         2    ###....
 Static Discharge         Conj/Air       #.......     98%         3    ####...
 Airstrike                Air            #.........   100%        4    #####..
 Bolt of Magma            Conj/Fire/Erth #.........   100%        5    ######.
 Iskenderun's Battlesphe  Conj/Chrm      #.......     100%        5    ######.
 Lightning Bolt           Conj/Air       #.........   100%        5    ######.
 Venom Bolt               Conj/Pois      #.........   100%        5    ######.
 Iron Shot                Conj/Erth      #.........   100%        6    #######
 Orb of Destruction       Conj           #.........   100%        7    #######
 Spellforged Servitor     Conj/Summ      #.........   100%        7    #######


Dungeon Overview and Level Annotations

Branches:
Dungeon (8/15)             Temple (0/1) D:4
   Lair: D:8-11

Altars:
Cheibriados
Elyvilon
Okawaru
Xom
Zin

Shops:
D:7 (

Annotations:
D:6 Harold
D:8 Gastronok, Prince Ribbit


Innate Abilities, Weirdness & Mutations

You reflexively headbutt those who attack you in melee.
You have a pair of horns on your head.


Message History

You headbutt the centaur zombie, but do no damage.
You hit Gastronok.
Gastronok is heavily wounded.
You slash the centaur zombie!
You destroy the centaur zombie!
Zin accepts your kill. Gastronok casts a spell at you.
You feel yourself slow down.
You hit Gastronok but do no damage. You headbutt Gastronok.
Gastronok is heavily wounded.
You are ready to recite again.
You slash Gastronok!
Gastronok is heavily wounded.
Gastronok waves his eye-stalks in wide circles.
The air twists around and strikes you!
* * * LOW HITPOINT WARNING * * *
You slash Gastronok! You headbutt Gastronok!
Gastronok is severely wounded.
Gastronok bites you!
You die...

...# .. ...# #.#
...# # #.# ...#
#.##.. ...+ ...#
...#
#.####.##w..####
........@..=....
..###....#.####
#<...#
#.........#
####.#
#.........# ...
##.........#
####
##.........#
##.........#
.#....y....#


You could see Gastronok.

Vanquished Creatures
  Pikel (D:5)
  A spriggan (D:7)
  A hungry ghost (D:7)
  Edmund (D:6)
  Duvessa (D:7)
  3 orc warriors
  2 black bears
  2 slaves (D:5)
  An eye of draining (D:6)
  2 sky beasts
  3 phantoms
  4 ogres
  2 centaurs
  A bullfrog (D:7)
  Dowan (D:7)
  3 killer bees (D:8)
  A howler monkey (D:6)
  A crimson imp (D:7)
  2 centaur zombies (D:8)
  A quasit (D:6)
  A gnoll shaman (D:7)
  A jelly (D:8)
  5 orc wizards
  Crazy Yiuf (D:3)
  An orc priest (D:3)
  2 iguanas
  Natasha (twice) (D:2)
  Terence (D:3)
  4 worker ants
  A hound zombie (D:8)
  8 gnolls
  A howler monkey skeleton (D:8)
  6 adders
  3 oozes
  6 leopard geckos
  19 orcs
  A giant cockroach (D:1)
  9 goblins
  4 hobgoblins
  2 jackals (D:1)
  8 kobolds
  2 quokkas
  A ball python skeleton (D:4)
  9 bats
  4 frilled lizards
  2 leopard gecko skeletons
  A quokka skeleton (D:5)
  2 rats
  2 fungi (D:3)
143 creatures vanquished.

Notes
Turn   | Place    | Note
-------+----------+-------------------------------------------
     0 | D:1      | emperorscorpion the Minotaur Fighter began the quest for the Orb.
     0 | D:1      | Reached XP level 1. HP: 19/19 MP: 0/0
    59 | D:1      | Reached XP level 2. HP: 27/27 MP: 1/1
   644 | D:2      | Reached XP level 3. HP: 30/33 MP: 2/2
  1009 | D:2      | Reached XP level 4. HP: 22/40 MP: 3/3
  1019 | D:2      | Reached skill level 3 in Axes
  1365 | D:2      | Noticed Natasha
  1368 | D:2      | Killed Natasha
  1401 | D:2      | Found a glowing silver altar of Zin.
  1528 | D:2      | Became a worshipper of Zin the Law-Giver
  1528 | D:2      | Reached * piety under Zin
  1615 | D:2      | Found a white marble altar of Elyvilon.
  1615 | D:2      | Found a snail-covered altar of Cheibriados.
  1727 | D:2      | Noticed Natasha
  1731 | D:2      | Killed Natasha
  1731 | D:2      | Reached XP level 5. HP: 47/47 MP: 4/4
  1893 | D:3      | Reached skill level 4 in Axes
  1893 | D:3      | Reached skill level 1 in Dodging
  1915 | D:3      | Reached skill level 5 in Shields
  2061 | D:3      | Noticed Terence
  2069 | D:3      | Killed Terence
  2069 | D:3      | Reached XP level 6. HP: 53/53 MP: 5/5
  2466 | D:3      | Found a runed door.
  2470 | D:3      | Noticed Crazy Yiuf
  2479 | D:3      | Killed Crazy Yiuf
  2722 | D:4      | Reached ** piety under Zin
  2784 | D:4      | Reached skill level 5 in Axes
  2784 | D:4      | Reached skill level 5 in Armour
  2992 | D:4      | Found a staircase to the Ecumenical Temple.
  3042 | D:4      | You fall through a shaft!
  3042 | D:5      | Entered Level 5 of the Dungeon
  3096 | D:5      | Reached XP level 7. HP: 58/60 MP: 6/6
  3525 | D:5      | Noticed Pikel
  3538 | D:5      | Killed Pikel
  3538 | D:5      | Reached skill level 5 in Fighting
  3538 | D:5      | Reached skill level 6 in Axes
  3538 | D:5      | Reached XP level 8. HP: 55/68 MP: 7/7
  3645 | D:5      | Reached skill level 7 in Axes
  4139 | D:6      | Found an iron altar of Okawaru.
  4391 | D:6      | Reached *** piety under Zin
  4513 | D:6      | Noticed Edmund
  4537 | D:6      | Killed Edmund
  4537 | D:6      | Reached skill level 8 in Axes
  4753 | D:6      | Found a shimmering altar of Xom.
  4988 | D:7      | Reached skill level 9 in Axes
  4991 | D:7      | Reached XP level 9. HP: 33/75 MP: 8/8
  5017 | D:6      | Reached skill level 1 in Stealth
  5176 | D:7      | Reached skill level 1 in Invocations
  5325 | D:7      | Noticed Harold
  6073 | D:7      | Found Ceasm's Antique Weapon Boutique.
  6074 | D:7      | Noticed Duvessa
  6074 | D:7      | Noticed Dowan
  6085 | D:7      | Killed Dowan
  6086 | D:7      | Killed Duvessa
  6246 | D:8      | Reached skill level 10 in Axes
  6323 | D:8      | Noticed Prince Ribbit
  6708 | D:8      | Noticed Gastronok
  6729 | D:8      | Slain by Gastronok

Vault maps used:
D:1:      enne_arrival_octagon_isle, hangedman_abyss_or_decor_stabs
D:2:      marbit_many_paths, gammafunk_temple_overflow_pools, first_ration,
          uniq_natasha
D:3:      kennysheep_six_static_rooms, uniq_terence, uniq_crazy_yiuf_cottage
D:4:      temple_statues, minmay_misc_feat_chi
D:5:      small_statue_intersection, uniq_pikel
D:6:      xom_teletrap_fun, okawaru_trees_2, uniq_edmund
D:7:      serial_shops, shop, the_bakery, uniq_duvessa, uniq_harold
D:8:      nemelex_spade_bored_becter, uniq_prince_ribbit1, uniq_gastronok

Skill      XL: |  1  2  3  4  5  6  7  8  9 |
---------------+----------------------------+-----
Shields        | 4 5 6 7 |  7.5
Armour         | 4 5 6 7 8 |  8.3
Fighting       | 4 5 6 |  6.9
Axes           | 3 4 5 6 9 10 | 10.6
Dodging        | 1 2 3 4 |  4.0
Stealth        | 1 |  1.6
Invocations    | 2 |  2.4

Action                   |  1- 3 |  4- 6 |  7- 9 || total
-------------------------+-------+-------+-------++-------
Melee: War axe           |    64 |   125 |   285 ||   474
       Headbutt          |    11 |    20 |    71 ||   102
Throw: Tomahawk          |       |       |     2 ||     2
       Throwing net      |       |       |     1 ||     1
Invok: Recite            |       |       |     9 ||     9
  Use: Scroll            |       |    11 |     6 ||    17
 Stab: Confused          |       |       |     3 ||     3
       Held in net/web   |       |       |     1 ||     1
  Eat: Chunk             |       |     7 |     2 ||     9
       Ration            |       |       |     3 ||     3
Armor: Scale mail        |    29 |    41 |    54 ||   124
Dodge: Dodged            |    28 |    47 |   108 ||   183
       Deflected         |       |       |     8 ||     8
Block: Shield            |    28 |    59 |       ||    87
       Buckler           |       |     9 |   114 ||   123

Table legend:
 A = Non-vault XP
 B = Vault XP
 C = Vault XP percentage of total XP
 D = Non-vault monster count
 E = Vault monster count
 F = Vault count percentage of total count
                 A         B        C        D         E       F
            +---------+---------+-------+---------+---------+-------
      Total |    3716 |    1320 |  26.2 |     124 |      15 |  10.8
            +---------+---------+-------+---------+---------+-------
        D:1 |      35 |       0 |   0.0 |      17 |       0 |   0.0
        D:2 |     147 |      37 |  20.1 |      20 |       2 |   9.1
        D:3 |     173 |      83 |  32.4 |      14 |       8 |  36.4
        D:4 |     163 |       0 |   0.0 |       7 |       0 |   0.0
        D:5 |     569 |     617 |  52.0 |       9 |       1 |  10.0
        D:6 |     656 |     171 |  20.7 |      12 |       1 |   7.7
        D:7 |    1008 |     412 |  29.0 |      31 |       3 |   8.8
        D:8 |     965 |       0 |   0.0 |      14 |       0 |   0.0
            +---------+---------+-------+---------+---------+-------
